[Event "Late-Titled-Tuesday-Blitz-March-12-2024"]
[Site "Chess.com"]
[Date "2024.03.12"]
[Round "3"]
[White "Quattroporte300"]
[Black "Skatchkov_V"]
[Result "0-1"]
[WhiteElo "2479"]
[BlackElo "2677"]
[TimeControl "180+1"]
[EndTime "14:27:39 PDT"]
[Termination "Skatchkov_V won on time"]

1. e4 e5 2. Nf3 d5 3. Nxe5 Bd6 4. d4 dxe4 5. Nc4 Nc6 6. Nc3 Bb4 7. Be3 Nge7 8. a3 Bxc3+ 9. bxc3 Nd5 10. Qd2 O-O 11. Be2 Be6 12. O-O f5 13. Bg5 Qe8 14. Ne3 Nde7 15.
d5 Rd8 16. c4 f4 17. Qc3 Qg6 18. Bxe7 Nxe7 19. dxe6 f3 20. Bd1 Nf5 21. g3 Qxe6 22. Kh1 Nxe3 23. Qxe3 Qh3 24. Rg1 Rd6 25. Bxf3 exf3 26.
g4 Qh4 27. Rg3 Qf6 28. Re1 Rd4 29. h3 Rxc4 30. Qb3 Qf7 31. Kh2 b6 32. Rxf3 Qxf3 33.
Qxc4+ Kh8 34. Qe2 Qxa3 35. Qe3 Qxe3 36. fxe3 Rf2+ 37. Kg3 Rxc2 38. Rd1 Kg8 39. Rd7 a5 40. Kf4 a4 41. Kf5 a3 42. Ke6 h6 43. Rd8+ Kh7 44. Ra8 a2 45. h4 b5 46. g5 hxg5 47.
hxg5 Kg6 0-1

[Event "Late-Titled-Tuesday-Blitz-March-12-2024"]
[Site "Chess.com"]
[Date "2024.03.12"]
[Round "3"]
[White "SamuraisOfChess"]
[Black "pirulillo"]
[Result "1-0"]
[WhiteElo "2580"]
[BlackElo "2294"]
[TimeControl "180+1"]
[EndTime "14:27:40 PDT"]
[Termination "SamuraisOfChess won by checkmate"]

1. e4 c5 2. Nf3 e6 3. d4 cxd4 4. Nxd4 Nf6 5. Nc3 Nc6 6. Be3 Bb4 7. f3 d5 8. Bb5 O-O 9. Nxc6 bxc6 10. Bxc6 Bxc3+ 11. bxc3 Ba6 12. Bxa8 Qxa8 13. e5 Nd7 14. Bd4 Qc6 15. Kf2 Nb6 16. Re1 Na4 17. Qd2 Rc8 18.
Rab1 Nb6 19. Kg1 h6 20. Qf2 Nc4 21. Bxa7 Qa4 22. Bd4 Ra8 23. Rb4 Qa5 24. a4 Bc8 25.
Reb1 Bd7 26. Rb8+ Rxb8 27. Rxb8+ Kh7 28. Rb4 Bxa4 29. h3 Bc6 30. Kh2 Qa1 31. Qe2 Qc1 32. Qd3+ g6 33. Rb8 Qf4+ 34. Kh1 h5 35. Qe2 h4 36.
Qe1 g5 37. Qe2 Qc1+ 38. Bg1 Qf4 39. Qd3+ Kg7 40. Qd4 Qc1 41. Qc5 Nd2 42. Qf8+ Kg6 43. Qg8+ Kf5 44. Qxf7+ Kxe5 45. Qg7+ Kd6 46. Qxg5 Qd1 47.
Qf4+ Kd7 48. Rf8 Nf1 49. Qxh4 Ne3 50. Qd8# 1-0

[Event "Late-Titled-Tuesday-Blitz-March-12-2024"]
[Site "Chess.com"]
[Date "2024.03.12"]
[Round "3"]
[White "APOKALIPSA13"]
[Black "Flaccidmoves"]
[Result "1-0"]
[WhiteElo "2207"]
[BlackElo "2407"]
[TimeControl "180+1"]
[EndTime "14:27:40 PDT"]
[Termination "APOKALIPSA13 won by resignation"]

1. e4 e5 2. Nc3 Bc5 3. Nf3 d6 4.
d4 exd4 5. Na4 Nc6 6. c3 dxc3 7.
Nxc5 dxc5 8. Qxd8+ Kxd8 9. bxc3 f6 10. Be3 b6 11. O-O-O+ Ke8 12. Bb5 Bb7 13. Nh4 Ne7 14. Nf5 Nxf5 15. exf5 Rd8 16. Bf4 Rxd1+ 17. Rxd1 a6 18. Bxc6+ Bxc6 19. Bxc7 Bd7 20. Bxb6 g6 21. Re1+ Kf7 22. Bxc5 Re8 23. fxg6+ hxg6 24. Rxe8 Bxe8 25. Kd2 Ke6 26. c4 Bc6 27. g3 Kf5 28. Ke3 Kg4 29. Be7 f5 30. h4 f4+ 31. gxf4 Kf5 32. Bg5 Ke6 33. Kd4 a5 34. Kc5 Kd7 35. f5 gxf5 36.
f4 Bf3 37. Kb5 Be2 38. a3 a4 39. Kb4 Kc6 40. Be7 Bd1 41. c5 Bc2 42. Bd6 Bd1 43.
h5 Bxh5 44. Kxa4 Be2 45. Kb4 Ba6 46. Kc3 Kb5 47. Kd4 Kc6 48. Ke5 Bd3 49. a4 Kb7 50. Kd5 Be4+ 51. Ke6 Kc6 52. Bf8 Bd3 53. Ke7 Be4 54.
Kd8 Kb7 55. Bd6 Kc6 56. Kc8 Kd5 57. a5 Bd3 58. Kb7 Bb5 59. a6 Bc6+ 60. Kb8 Kc4 61. a7 Kd5 62. a8=Q Bb7 63. Qxb7+ 1-0

[Event "Late-Titled-Tuesday-Blitz-March-12-2024"]
[Site "Chess.com"]
[Date "2024.03.12"]
[Round "3"]
[White "Rinqed222"]
[Black "Redzishchess"]
[Result "1/2-1/2"]
[WhiteElo "2329"]
[BlackElo "2525"]
[TimeControl "180+1"]
[EndTime "14:27:42 PDT"]
[Termination "Game drawn - insufficient material"]

1. e4 c5 2. Nc3 Nc6 3. Bb5 g6 4. Bxc6 dxc6 5. d3 Bg7 6. f4 b6 7. Nf3 Bg4 8. O-O e6 9. Qe1 Ne7 10. Qh4 Bxf3 11. Rxf3 f5 12. Be3 Qd7 13. a4 a5 14. g4 O-O-O 15. g5 h6 16. Qf2 hxg5 17. fxg5 Bd4 18. Ne2 e5 19. Bxd4 cxd4 20. c3 fxe4 21.
dxe4 Qg4+ 22. Ng3 Qxg5 23. cxd4 Rxd4 24. Qe2 Kb7 25. Rf7 Rd2 26. Rxe7+ Qxe7 27. Qxd2 Rd8 28. Qf2 Rf8 29. Qe2 Qc5+ 30. Kg2 Qd4 31. Rf1 Rxf1 32. Nxf1 b5 33. axb5 c5 34. Qf2 Qxe4+ 35. Qf3 Qxf3+ 36.
Kxf3 Kb6 37. Ke4 Kxb5 38. Kxe5 Kb4 39. Ne3 Kb3 40. Kd5 Kxb2 41. Kxc5 a4 42. Nc4+ Kc3 43.
Kb5 Kd3 44. Ne5+ Ke4 45. Nc4 Kf3 46. Kxa4 Kg2 47. Ne5 Kxh2 48. Nxg6 1/2-1/2

[Event "Late-Titled-Tuesday-Blitz-March-12-2024"]
[Site "Chess.com"]
[Date "2024.03.12"]
[Round "3"]
[White "TigrVShlyape"]
[Black "guillembaches"]
[Result "1-0"]
[WhiteElo "2915"]
[BlackElo "2560"]
[TimeControl "180+1"]
[EndTime "14:27:43 PDT"]
[Termination "TigrVShlyape won by resignation"]

1. e4 d5 2. exd5 Qxd5 3. Nc3 Qa5 4. Bc4 Nf6 5. Nge2 a6 6. O-O b5 7. Bb3 e6 8. d3 Bb7 9. a4 b4 10. Nb1 Nbd7 11. Nd2 Nb6 12. Ng3 Bd6 13. f4 h5 14.
Nge4 Be7 15. Qe2 h4 16. h3 Nh5 17. Nf3 O-O-O 18. Ne5 Bxe4 19. Qxe4 Ng3 20. Qf3 Bc5+ 21.
Be3 Bxe3+ 22. Qxe3 Nxf1 23. Rxf1 Nd5 24. Qa7 Qb6+ 25.
Qxb6 cxb6 26. Nxf7 g6 27. Nxh8 Rxh8 28. Bxd5 exd5 29.
Kf2 Re8 30. Kf3 Kd7 31. Rf2 Kd6 32. Kg4 Rh8 33. Kg5 Kc5 34. Kxg6 Kd4 35. Re2 b3 36.
cxb3 Kxd3 37. Rf2 d4 38. f5 Ke3 39. Rf3+ Ke2 40. f6 d3 41. Rf5 Rd8 42. Re5+ Kf1 43. f7 d2 44. Re8 d1=Q 45. f8=Q+ Kg1 46. Rxd8 Qh5+ 47. Kxh5 Kh2 48. Qf2 1-0

[Event "Late-Titled-Tuesday-Blitz-March-12-2024"]
[Site "Chess.com"]
[Date "2024.03.12"]
[Round "3"]
[White "PoXerStar"]
[Black "Likvidator228"]
[Result "0-1"]
[WhiteElo "2375"]
[BlackElo "2606"]
[TimeControl "180+1"]
[EndTime "14:27:43 PDT"]
[Termination "Likvidator228 won on time"]

1. d4 f5 2. c4 Nf6 3. g3 g6 4.
Nh3 Bg7 5. Bg2 d6 6. O-O O-O 7. Nc3 e5 8. dxe5 dxe5 9. Qb3 c6 10.
Rd1 Qe7 11. e4 Na6 12. exf5 Bxf5 13. Ng5 h6 14. Nge4 Kh7 15. Be3 Ng4 16. Bd2 Rad8 17. h3 Nf6 18. Be3 Nxe4 19. Nxe4 b6 20. Qa4 Nb8 21. g4 Be6 22. Qc2 Rxd1+ 23. Rxd1 Rd8 24. Rxd8 Qxd8 25. Ng3 Bf7 26. Be4 Qd6 27. c5 Qc7 28. cxb6 axb6 29. h4 c5 30. h5 Qd6 31. hxg6+ Bxg6 32. Nh5 Nc6 33. Bxg6+ Qxg6 34. Qd1 Nd4 35. Bxd4 exd4 36.
b3 b5 37. Qf3 c4 38. bxc4 bxc4 39. Nf4 Qb1+ 40. Kg2 c3 41. Nd3 Qb5 42. Qe4+ Kg8 43. Qe6+ Kh8 44. Nf4 Qg5 45. Ng6+ Kh7 0-1

[Event "Late-Titled-Tuesday-Blitz-March-12-2024"]
[Site "Chess.com"]
[Date "2024.03.12"]
[Round "3"]
[White "reevecanada"]
[Black "Marcan2b"]
[Result "0-1"]
[WhiteElo "2636"]
[BlackElo "2933"]
[TimeControl "180+1"]
[EndTime "14:27:44 PDT"]
[Termination "Marcan2b won by resignation"]

1. e4 c5 2. Nf3 Nc6 3. b3 e5 4. Bb2 d6 5. c3 Nf6 6. Bd3 g6 7.
Bc2 Bg7 8. O-O O-O 9. d4 cxd4 10. cxd4 Bg4 11. d5 Nd4 12. Nbd2 Rc8 13. Bd3 Nd7 14. h3 Bxf3 15. Nxf3 Nc5 16. Nxd4 exd4 17. Re1 Re8 18. Qd2 a5 19. Rad1 Qh4 20. f3 Bh6 21. Qf2 Be3 22. Rxe3 Qxf2+ 23. Kxf2 dxe3+ 24. Kxe3 f5 25. Rf1 Rc7 26. Kd4 a4 27. b4 Nxd3 28. Kxd3 b5 29. Rc1 Rxc1 30. Bxc1 Kf7 31. Kd4 Rc8 32. Bf4 Rc4+ 33.
Kd3 Ke7 34. Bd2 h5 35. h4 a3 36. Bc3 Kf7 37. Bd2 Rc8 38. Bf4 Ke7 39. Bg5+ Kd7 40. Bd2 fxe4+ 41. fxe4 Rf8 42. Ke2 Rc8 43. Kd3 Rc4 44.
Bc3 Ke7 45. Bd2 Kf7 46. Bc3 g5 47. hxg5 Kg6 48. Bd2 h4 49. Bf4 Rxb4 50. Bxd6 Rb2 51. e5 Rxa2 52. e6 Ra1 53. e7 Re1 54. Kd2 a2 55.
Kxe1 a1=Q+ 56. Ke2 Qa8 57. Kd3 Qxd5+ 0-1

[Event "Late-Titled-Tuesday-Blitz-March-12-2024"]
[Site "Chess.com"]
[Date "2024.03.12"]
[Round "3"]
[White "albi1999"]
[Black "vi_pranav"]
[Result "0-1"]
[WhiteElo "2583"]
[BlackElo "3042"]
[TimeControl "180+1"]
[EndTime "14:27:44 PDT"]
[Termination "vi_pranav won by checkmate"]

1. d4 Nf6 2. c4 e6 3. g3 c5 4. Nf3 cxd4 5. Nxd4 Nc6 6. Bg2 Bc5 7. Nb3 Be7 8. O-O O-O 9. Nc3 d6 10. Nd4 Bd7 11. b3 a6 12. Bb2 Rc8 13. Rc1 Qb6 14. Na4 Qa5 15. Bc3 Qc7 16. Nb2 e5 17. Nc2 b5 18. cxb5 axb5 19. Nb4 Qa7 20. N2d3 Nd8 21. e3 Ne6 22. Qe2 h5 23. Rfd1 h4 24. Nd5 Nxd5 25. Bxd5 h3 26. f4 Nc7 27. Bf3 exf4 28. gxf4 Rfe8 29. Bd4 Qb8 30. Bg4 Ne6 31. Ba1 Bf8 32. Bxh3 Nd4 33. Qg2 Bxh3 34. Qxh3 Ne2+ 35. Kf2 Nxc1 36.
Rxc1 Rxc1 37. Nxc1 Qc7 38. Ne2 Qc2 39. Bd4 Qxa2 40. Qd7 Re6 41. Qxb5 Rh6 42. Kg3 Qa8 43. f5 Qh1 44. Nf4 Rxh2 45. Qe8 Rc2 46. f6 g5 47. Ng6 Qg2# 0-1

[Event "Late-Titled-Tuesday-Blitz-March-12-2024"]
[Site "Chess.com"]
[Date "2024.03.12"]
[Round "3"]
[White "Smiechu"]
[Black "ukchessbomber"]
[Result "1-0"]
[WhiteElo "2477"]
[BlackElo "2639"]
[TimeControl "180+1"]
[EndTime "14:27:47 PDT"]
[Termination "Smiechu won by resignation"]

1. e4 b6 2. d4 Bb7 3. Bd3 d6 4. Nc3 Nd7 5. Be3 e5 6. Nge2 g5 7. Qd2 h6 8. h4 g4 9. Ng3 h5 10. Nf5 Ne7 11. Bg5 f6 12. Nxe7 Qxe7 13. Be3 exd4 14. Bxd4 Bh6 15. Be3 Bxe3 16. Qxe3 O-O-O 17. O-O-O f5 18. Qe2 Rde8 19. Ba6 Nc5 20. Bxb7+ Kxb7 21. f3 gxf3 22. gxf3 fxe4 23. fxe4 Rhg8 24. Qxh5 Nxe4 25. Rhe1 Qf6 26. Rxe4 Rh8 27. Qd5+ c6 28. Qxd6 Qxd6 29. Rxd6 Rxe4 30. Nxe4 Rxh4 31. Re6 Rh2 32. b3 c5 33. Kb2 Rg2 34. a4 a6 35. a5 bxa5 36. Nxc5+ Kc7 37. Rxa6 Rg5 38. Rxa5 Kb6 39. b4 Rg4 40. Kb3 Rg1 41.
Na4+ Kc6 42. Rc5+ Kb7 43. b5 Rg4 44. Rc4 Rg1 45. Kb4 Rg2 46. c3 Rg1 47. Ka5 Rg8 48. Rh4 Rg7 49. Rh6 Rc7 50. Rb6+ Ka7 51. Rc6 Rd7 52. Rc7+ Rxc7 53. b6+ Kb7 54. bxc7 Kxc7 55. Kb5 Kd7 56. Kb6 Kd6 57. c4 Kd7 58. Kb7 1-0

[Event "Late-Titled-Tuesday-Blitz-March-12-2024"]
[Site "Chess.com"]
[Date "2024.03.12"]
[Round "3"]
[White "maximnovik"]
[Black "cthulhuuu"]
[Result "1-0"]
[WhiteElo "2591"]
[BlackElo "2393"]
[TimeControl "180+1"]
[EndTime "14:27:47 PDT"]
[Termination "maximnovik won on time"]

1. e4 d6 2. d4 Nf6 3. Bd3 e5 4.
c3 Be7 5. Nf3 Nbd7 6. O-O O-O 7.
Re1 c6 8. a4 a5 9. Nbd2 Re8 10.
Nf1 Bf8 11. Ng3 Qc7 12. h3 g6 13. Be3 Bg7 14. Qd2 c5 15. Bb5 exd4 16. cxd4 Nxe4 17. Bh6 Nxd2 18. Rxe8+ Nf8 19. Bxd2 Rb8 20. Rae1 Be6 21. Rxb8 Qxb8 22. Ne4 cxd4 23. Bf4 h6 24. Bxd6 Qd8 25. Bf4 d3 26. Rd1 Bxb2 27. Rxd3 Qc8 28. Bxh6 Bg7 29. Bf4 Bf5 30. Nd6 Qe6 31. Re3 Qa2 32. Nxf5 Qb1+ 33. Kh2 Qxf5 34. Bg3 Ne6 35. Bd7 Qf6 36. Bxe6 fxe6 37.
Ne5 Qf5 38. Rf3 Qe4 39. Nd7 Qxa4 40. Nc5 Qc4 41. Nxb7 e5 42. Nd6 Qd5 43. Nc8 a4 44. Ne7+ 1-0

[Event "Late-Titled-Tuesday-Blitz-March-12-2024"]
[Site "Chess.com"]
[Date "2024.03.12"]
[Round "3"]
[White "SchmakAttack"]
[Black "Grischuk"]
[Result "0-1"]
[WhiteElo "2810"]
[BlackElo "3074"]
[TimeControl "180+1"]
[EndTime "14:27:48 PDT"]
[Termination "Grischuk won by resignation"]

1. d4 e6 2. c4 b6 3. Nf3 Bb7 4. g3 Bb4+ 5. Bd2 a5 6. Bg2 f5 7. O-O Nf6 8. a3 Bxd2 9. Qxd2 O-O 10. Nc3 Ne4 11. Qc2 Nxc3 12. Qxc3 Be4 13. b4 Nc6 14. b5 Ne7 15. Ne5 d6 16. Nd3 Qd7 17. Rfd1 Rae8 18.
Nf4 g5 19. Nd3 Ng6 20. a4 Qg7 21. Rac1 Bxg2 22. Kxg2 f4 23. c5 Re7 24. cxd6 cxd6 25. Nb2 Qf6 26. Rf1 e5 27. dxe5 dxe5 28. Nc4 e4 29.
Qxf6 Rxf6 30. Rcd1 Ne5 31. Rd6 f3+ 32. exf3 exf3+ 33. Kg1 Rxd6 34. Nxd6 Re6 35. Ne4 h6 36. Rd1 Nc4 37. Nc3 Kf7 38. Kf1 Rd6 39. Rxd6 Nxd6 40. Nd5 Nc4 41. Ke1 Ke6 42. Nc7+ Ke5 43. Ne8 Nb2 44. Kd2 Nxa4 45. Ke3 Nc3 46. Kxf3 a4 47.
Ke3 a3 0-1

[Event "Late-Titled-Tuesday-Blitz-March-12-2024"]
[Site "Chess.com"]
[Date "2024.03.12"]
[Round "3"]
[White "ChainedDowntohell"]
[Black "Sokoloco"]
[Result "0-1"]
[WhiteElo "2535"]
[BlackElo "2794"]
[TimeControl "180+1"]
[EndTime "14:27:49 PDT"]
[Termination "Sokoloco won by resignation"]

1. e4 g6 2. d4 Bg7 3. Nc3 d6 4.
Be3 a6 5. h4 h6 6. f4 h5 7. Bd3 Nf6 8. f5 Ng4 9. Qd2 c5 10. dxc5 Nc6 11. fxg6 fxg6 12. Nf3 dxc5 13. O-O-O Nd4 14. e5 Bf5 15. Bxf5 Nxf5 16. Bxc5 Qc7 17. Bd6 exd6 18. exd6 Qd7 19. Rhe1+ Kf8 20. Ng5 Bh6 21. Nce4 Bxg5 22. Nxg5 Kg7 23. Qc3+ Kh6 24. Qd2 Kg7 25. Ne6+ Kf7 26. Nc7 Nf6 27. g4 hxg4 28. Nxa8 Rxa8 29. h5 Nxh5 30. Qd5+ Kg7 31. Re6 Nf6 32. Qe5 Rf8 33. Re7+ Nxe7 34. dxe7 Qxd1+ 35. Kxd1 Re8 36. Kd2 Kf7 37.
Qc5 Rxe7 38. Qc4+ Kg7 39. Kd3 g3 40. Qf4 g2 41. Qg3 Rd7+ 42. Ke2 Nd5 43. Kf2 Rf7+ 44. Kxg2 Nf4+ 45. Kh1 Rf5 46. Qc3+ Kh6 47. Kh2 Rh5+ 48. Kg3 Ne2+ 49. Kg4 Nxc3 0-1

[Event "Late-Titled-Tuesday-Blitz-March-12-2024"]
[Site "Chess.com"]
[Date "2024.03.12"]
[Round "3"]
[White "ValeriyGrinev"]
[Black "Kostukov_Alex"]
[Result "1-0"]
[WhiteElo "2582"]
[BlackElo "2312"]
[TimeControl "180+1"]
[EndTime "14:27:49 PDT"]
[Termination "ValeriyGrinev won on time"]

1. d4 g6 2. h4 h5 3. e4 Bg7 4.
c3 c5 5. dxc5 Qc7 6. Be3 Na6 7.
Bxa6 bxa6 8. Ne2 Nf6 9. f3 O-O 10. Nd2 d5 11. cxd6 Qxd6 12. Nb3 Qc7 13. Kf2 Bb7 14. Qc2 Qc4 15. Nc5 Bc6 16. b3 Qb5 17. a4 Qb8 18. Nxa6 Qc8 19. Nb4 Bxe4 20. fxe4 Ng4+ 21. Kf3 Ne5+ 22. Kg3 Qg4+ 23. Kf2 f5 24.
Raf1 fxe4+ 25. Ke1 Rfd8 26. Nd4 Rac8 27. Rf4 Qg3+ 28.
Qf2 Qxf2+ 29. Kxf2 Rxc3 30. Rxe4 Ng4+ 31. Rxg4 hxg4 32.
Nbc6 Rd6 33. h5 e5 34. Ne7+ Kf7 35. Ndc6 Ke6 36. hxg6 Rc2+ 37. Kg3 Rd3 38. Re1 Rcc3 39. Kf2 Rxb3 40. Bg5 Rb2+ 41. Kg1 Rdd2 42. Bxd2 Rxd2 43. Nc8 Kf5 44. N6e7+ Ke6 45. Nc6 Kd5 46. N8xa7 e4 47. Ne7+ Kc4 48. Rxe4+ Bd4+ 49. Rxd4+ Kxd4 50. g7 Rd1+ 51. Kh2 g3+ 52. Kxg3 Rd3+ 53. Kh2 1-0

[Event "Late-Titled-Tuesday-Blitz-March-12-2024"]
[Site "Chess.com"]
[Date "2024.03.12"]
[Round "3"]
[White "scarabee43"]
[Black "Mikayel99"]
[Result "0-1"]
[WhiteElo "2836"]
[BlackElo "2566"]
[TimeControl "180+1"]
[EndTime "14:27:50 PDT"]
[Termination "Mikayel99 won by resignation"]

1. Nf3 d5 2. e3 Nf6 3. c4 c6 4. Nc3 e6 5. b3 Bd6 6. Bb2 a6 7. d4 b5 8. Bd3 O-O 9. O-O Nbd7 10.
e4 dxe4 11. Nxe4 Nxe4 12. Bxe4 Nf6 13. Bxc6 Rb8 14. Qd2 bxc4 15. Ba4 cxb3 16. Bxb3 Bb7 17. Qe2 Bd5 18. Ne5 Bxb3 19. axb3 Rxb3 20. Rxa6 Nd5 21.
Bc1 Bxe5 22. dxe5 Rb1 23. g3 Qc8 24. Ba3 Rxf1+ 25. Kxf1 Rd8 26. Bd6 h6 27. Ra3 Qc1+ 28.
Kg2 Qb1 29. Qf3 Rc8 30. Ra7 Qg6 31. h4 h5 32. Ra2 Rc3 33. Ra8+ Kh7 34. Qd1 Rc2 35. Qe1 Nf4+ 36. Kf1 Qd3+ 37. Kg1 Nh3+ 38. Kg2 Rxf2+ 39. Qxf2 Nxf2 40. Kxf2 Qd2+ 41. Kf1 Qd3+ 42. Kf2 Qd2+ 43. Kf1 Qe3 44. Ra3 Qc1+ 45. Kg2 g5 46. hxg5 Kg6 47. Rf3 Qc6 48. Kf2 Kxg5 49. Rxf7 Qc2+ 50. Kg1 Kg4 51. Rg7+ Kh3 52. Kf1 Qd2 53.
Rg6 Qd3+ 54. Kf2 Qxg6 0-1

[Event "Late-Titled-Tuesday-Blitz-March-12-2024"]
[Site "Chess.com"]
[Date "2024.03.12"]
[Round "3"]
[White "manitodeplomo"]
[Black "N_Mullodzhanov"]
[Result "1-0"]
[WhiteElo "2703"]
[BlackElo "2515"]
[TimeControl "180+1"]
[EndTime "14:27:50 PDT"]
[Termination "manitodeplomo won by checkmate"]

1. d4 Nf6 2. c4 g6 3. Nc3 Bg7 4. e4 d6 5. Be2 O-O 6. Nf3 e5 7. d5 Na6 8. Be3 Nh5 9. g3 f5 10.
exf5 Bxf5 11. Nd2 Nb4 12. Nde4 Nf6 13. f3 a5 14. a3 Na6 15. O-O b6 16. Bd3 Nc5 17.
Bc2 Ncxe4 18. Nxe4 Nxe4 19. Bxe4 Qd7 20. b4 h6 21. Qd3 Kh7 22. Rfc1 Bxe4 23. Qxe4 Qf5 24. Kg2 axb4 25. axb4 Qxe4 26. fxe4 h5 27. b5 Bh6 28. Bxh6 Kxh6 29. Ra6 Rxa6 30. bxa6 Ra8 31. Ra1 Ra7 32. Kf3 Kg5 33. h3 Kf6 34. Ke3 g5 35. Kd3 Ke7 36. Kc3 Kd7 37. Kb4 c6 38. dxc6+ Kxc6 39. Ra2 g4 40. h4 Ra8 41. a7 Kb7 42. Kb5 Rxa7 43. Rxa7+ Kxa7 44. Kc6 Ka6 45. Kxd6 b5 46. cxb5+ Kxb5 47. Kxe5 Kc4 48. Kf4 Kd4 49. e5 Kd5 50. Kf5 Kd4 51. e6 Ke3 52. e7 Kf3 53. e8=Q Kxg3 54.
Qxh5 Kh3 55. Qxg4+ Kh2 56. Kf4 Kh1 57. Kf3 Kh2 58.
Qg2# 1-0

[Event "Late-Titled-Tuesday-Blitz-March-12-2024"]
[Site "Chess.com"]
[Date "2024.03.12"]
[Round "3"]
[White "robertoalejandro10"]
[Black "Danito1954"]
[Result "1/2-1/2"]
[WhiteElo "2537"]
[BlackElo "2294"]
[TimeControl "180+1"]
[EndTime "14:27:50 PDT"]
[Termination "Game drawn by 50-move rule"]

1. d4 Nf6 2. Bg5 e6 3. e4 c5 4.
e5 h6 5. exf6 hxg5 6. fxg7 Bxg7 7. c3 cxd4 8. cxd4 Qb6 9. Qc2 Nc6 10. Nf3 Nxd4 11. Nxd4 Qxd4 12. Nc3 b6 13. Rd1 Qe5+ 14. Be2 Bb7 15. Nb5 Kf8 16. Kf1 Rxh2 17. Rg1 Bf6 18. Rxd7 Be4 19. Qc7 Qxc7 20. Nxc7 Rd8 21. Rxd8+ Bxd8 22. Nb5 Bf6 23. b3 Bb1 24. a4 a6 25. Nd6 a5 26.
Nc4 Bd4 27. Nd2 Bc2 28. Nf3 Rh4 29. Nxh4 gxh4 30. Bc4 Ke7 31. Rh1 Bf6 32. Ke2 Be4 33. Ke1 Bxg2 34. Rh2 h3 35. Bf1 Be5 36.
Rxg2 hxg2 37. Bxg2 Kd6 38. Ke2 Kc5 39. Kd3 Bd4 40.
f4 Bb2 41. Be4 Kb4 42. Kc2 Bg7 43. f5 Kc5 44. fxe6 fxe6 45. Kd3 Kb4 46. Kc2 Bf6 47.
Bd3 Kc5 48. Bc4 e5 49. Kd3 Kd6 50. Ke4 Be7 51. Kf5 Bd8 52. Ke4 Bc7 53. Bb5 Kc5 54. Bc4 Bd6 55. Bb5 Kb4 56. Bc4 Kc3 57. Kd5 Bc7 58. Kc6 Bd8 59. Kd7 Bh4 60. Kc6 Bf2 61. Kd5 Bd4 62. Ke4 Kd2 63. Bd5 Ke2 64. Bc4+ Kd2 65.
Bd5 Kc3 66. Bc4 Kb4 67. Bd5 Kc5 68. Bc4 Bc3 69. Bb5 Kb4 70. Bc4 b5 71. axb5 a4 72.
bxa4 Kxa4 73. b6 Bd4 74. b7 Ba7 75. Kxe5 Bb8+ 76. Kd5 Bh2 77. Kc6 Ka5 78. Be6 Ka6 79. Bd5 Ka7 80. Kd7 Kb8 81. Ke6 Bg3 82. Kf5 Bh2 83.
Be4 Bc7 84. Kg4 Bb6 85. Bf3 Ba7 86. Kh3 Bb6 87. Kg2 Bc7 88. Kf1 Bb6 89. Ke2 Bc7 90.
Kd3 Bb6 91. Kc4 Kc7 92. Kd5 Ba7 93. Kc4 Bb8 94. Kb5 Kd8 95. Ka6 Kc7 96. Kb5 Kd8 97. Kc5 Kc7 98. Kd4 Kd8 99. Ke4 Kc7 100. Kf5 Kd8 101. Ke6 Kc7 102. Ke7 Ba7 103. Ke8 Bb8 104. Ke7 Ba7 105.
Be4 Bb8 106. Ke6 Kb6 107. Kd5 Ka7 108. Kc6 Bh2 109. Kd7 Kb8 110. Kd8 Bg1 111. Kd7 Bf2 112. Bc6 Be1 113. Ke6 Bd2 114. Kd5 Bc1 115. Kc4 Bh6 116. Kb5 Bg7 117. Ka6 Bh8 118. Bd5 Bg7 119. Be4 Bf8 120. Bf5 Bg7 121. Kb5 Bf6 122. Bc8 Bg5 123. Kc6 Bh6 124. Kd7 Bg7 125. Ke6 1/2-1/2

[Event "Late-Titled-Tuesday-Blitz-March-12-2024"]
[Site "Chess.com"]
[Date "2024.03.12"]
[Round "3"]
[White "BogdanDeac"]
[Black "MarcoRiehle"]
[Result "1-0"]
[WhiteElo "3061"]
[BlackElo "2805"]
[TimeControl "180+1"]
[EndTime "14:27:51 PDT"]
[Termination "BogdanDeac won by resignation"]

1. d4 d5 2. Nf3 Nf6 3. Bf4 e6 4. e3 Bd6 5. Bg3 O-O 6. c4 c6 7. Nc3 Re8 8. Qc2 a6 9. Rd1 Qe7 10. c5 Bc7 11. Ne5 Bxe5 12. Bxe5 Nbd7 13. Bd6 Qd8 14.
Be2 e5 15. O-O exd4 16. Rxd4 Nf8 17. Rdd1 Bg4 18. f3 Bh5 19. Qd2 Bg6 20. Rfe1 Ne6 21.
Na4 b5 22. Nb6 Ra7 23. a4 Nd7 24. Nxd7 Qxd7 25. Ra1 h6 26. Ra3 Nd8 27. Rea1 Rb7 28.
axb5 axb5 29. b4 f6 30. Bg3 Nf7 31. Ra6 Ne5 32. Bxe5 Rxe5 33. e4 Qe6 34. Qa2 dxe4 35.
Rxc6 Qxa2 36. Rxa2 e3 37. Rd6 Bf7 38. Ra8+ Kh7 39.
Kf1 Bc4 40. Rd4 Rbe7 41. Ra3 Rh5 42. h3 Rg5 43. g4 Bxe2+ 44. Kxe2 Rge5 45. Rd6 Rb7 46. Rxe3 Rxe3+ 47. Kxe3 Kg6 48. Rb6 Re7+ 49. Kf2 Kg5 50.
Rxb5 Kf4 51. c6 g6 52. Rc5 Re3 53. Rc4+ 1-0

[Event "Late-Titled-Tuesday-Blitz-March-12-2024"]
[Site "Chess.com"]
[Date "2024.03.12"]
[Round "3"]
[White "LornerAcosta"]
[Black "Boninknights"]
[Result "1-0"]
[WhiteElo "2622"]
[BlackElo "2441"]
[TimeControl "180+1"]
[EndTime "14:27:54 PDT"]
[Termination "LornerAcosta won by resignation"]

1. Nf3 Nf6 2. d4 d6 3. c3 g6 4.
Bf4 Bg7 5. Nbd2 Nh5 6. Bg5 h6 7. Bh4 g5 8. Bg3 Nd7 9. e4 c5 10.
d5 Rb8 11. a4 a6 12. a5 b5 13. axb6 Qxb6 14. Nc4 Qb3 15. Qd3 Nxg3 16. hxg3 g4 17. Nfd2 Qb7 18. Be2 h5 19. Qc2 Ne5 20. Nxe5 Bxe5 21.
Ra2 Qc7 22. Bxa6 Bxa6 23. Rxa6 Qb7 24. Qa4+ Kf8 25. Nc4 Bf6 26. Kd2 Kg7 27. f3 Ra8 28. Ra1 Rxa6 29. Qxa6 Qb3 30. Qa4 Qxa4 31. Rxa4 h4 32.
gxh4 Rxh4 33. Ke3 Rh2 34. Kf2 Bh4+ 35. Kg1 g3 36. Ne3 Bg5 37. Nf5+ Kf6 38. Nxg3 Rh8 39. Kf2 Bh4 40. e5+ Kxe5 41. Rg4 Kxd5 42. b4 f5 43. Rf4 e5 44. Rxh4 Rxh4 45. bxc5 Kxc5 46. Nxf5 Rc4 47.
g4 Rxc3 48. g5 Ra3 49. g6 Ra8 50. Ne7 d5 51. g7 e4 52. f4 d4 53. g8=Q d3 54.
Qd5+ 1-0

[Event "Late-Titled-Tuesday-Blitz-March-12-2024"]
[Site "Chess.com"]
[Date "2024.03.12"]
[Round "3"]
[White "varunkrishnanchess"]
[Black "OverallStranger"]
[Result "1-0"]
[WhiteElo "2614"]
[BlackElo "2399"]
[TimeControl "180+1"]
[EndTime "14:27:55 PDT"]
[Termination "varunkrishnanchess won by resignation"]

1. d4 Nf6 2. c4 c5 3. d5 b5 4. cxb5 a6 5. b6 d6 6. Nc3 g6 7. e4 Bg7 8. Nf3 O-O 9. Be2 Nbd7 10. O-O Ng4 11. h3 Nge5 12. Nd2 Nxb6 13. a4 a5 14. f4 Ned7 15. Nb5 Ba6 16. Kh2 Rb8 17. Ra2 Na8 18. b3 Nc7 19. Nxc7 Bxe2 20. Qxe2 Qxc7 21. Rf3 Rb7 22. Nc4 Rfb8 23. Qd1 Ra7 24. Re2 Nb6 25. Na3 Rab7 26. Bd2 Na8 27. Nc4 Ra7 28. Qe1 Qc8 29. Nxa5 Rc7 30. Nc6 Rbb7 31. e5 dxe5 32. fxe5 Rd7 33.
Rxf7 Kxf7 34. e6+ Ke8 35. exd7+ Qxd7 36. Rxe7+ Qxe7 37. Nxe7 Rxe7 38. Qf1 Be5+ 39. Kh1 Nc7 40. a5 Nxd5 41. a6 Nb4 42. Qb5+ Kf7 43. Bxb4 cxb4 44.
a7 Bd6 45. Qf1+ Kg7 46. a8=Q Rf7 47. Qxf7+ Kxf7 48. Qd5+ Ke7 49. g4 h6 50. Kg2 h5 51.
Kf3 h4 52. Ke4 g5 53. Kf5 Bf4 54. Qe6+ Kd8 55. Qf7 Kc8 56. Ke6 Kb8 57. Kd5 Ka8 58. Kc6 1-0

[Event "Late-Titled-Tuesday-Blitz-March-12-2024"]
[Site "Chess.com"]
[Date "2024.03.12"]
[Round "3"]
[White "Alexei_Gubajdullin"]
[Black "kinga2008"]
[Result "1-0"]
[WhiteElo "2643"]
[BlackElo "2452"]
[TimeControl "180+1"]
[EndTime "14:27:56 PDT"]
[Termination "Alexei_Gubajdullin won by resignation"]

1. d4 g6 2. Nf3 Bg7 3. Bf4 c5 4. e3 d5 5. Nbd2 Nc6 6. c3 Nf6 7. Be2 O-O 8. O-O Bg4 9. dxc5 Rc8 10. Nb3 Na5 11. Ne5 Nxb3 12. axb3 Bxe2 13. Qxe2 Nh5 14.
Rxa7 Rxc5 15. Rxb7 Nxf4 16. exf4 Bxe5 17. Qxe5 e6 18. Ra1 Qc8 19. Re7 Rb5 20. b4 Rb7 21.
Rxb7 Qxb7 22. h4 Ra8 23. Re1 Ra2 24. h5 Qe7 25. c4 dxc4 26. Rd1 f6 27. Qc3 Ra4 28.
Qxc4 Kg7 29. Qc6 Ra7 30. b5 Rc7 31. Qd6 Qxd6 32. Rxd6 Rc2 33. hxg6 Kxg6 34. Rxe6 Rxb2 35.
b6 Kf5 36. Rc6 Kxf4 37. Rxf6+ Ke5 38. Rh6 Kf5 39. g3 Kg4 40. Kg2 Kg5 41. Rxh7 Rxb6 42. Rc7 Kg6 43. Rc5 Kf6 44. f4 Re6 45. Kh3 Kg7 46. Kg4 Kf7 47. f5 Re3 48. Kf4 Ra3 49. g4 Ra1 50. Kg5 Rg1 51. Rc7+ Kg8 52. f6 Kf8 53. Kf5 Kg8 54. g5 Kf8 55. Kg6 Kg8 1-0